AoeStats
← Cuervo

QS Arena

503748022Analyzed
3v3 RM · 1mo ago on Sep 2, 2026· 35m 39s· 6 players
Game mode
Random Map
Map size
Normal (6 player)
Population
200
Speed
Normal
Resources
Standard
Victory
Conquest
Starting age
Dark Age
Ending age
Imperial Age
RankedLock teamsTeams togetherTeam positionsShared explorationLock speedFull tech treeHidden civsTurbo modeCheats
Victory
Defeat
🇲🇽 Cumans · Mexico
1142
+13
🇲🇽 Wu · Mexico
1062
+17
🇲🇽 Huns · Mexico
1002
+19
🇦🇷 Turks · Argentina
1108
-18
🇨🇱 Bohemians · Chile
1087
-17
🇦🇷 Koreans · Argentina
1043
-15
Machetekills135
0:38 Loom
9:34 Feudal Age
15:12 Castle Age
13:10 Horse Collar
13:36 Double-Bit Axe
16:18 Forging
16:08 Scale Mail Armor
17:00 Arson
17:16 Squires
25:52 Wheelbarrow
30:07 Heavy Plow
31:26 Iron Casting
31:06 Chain Mail Armor
XGTIROMlllX
9:18 Feudal Age
14:01 Castle Age
12:24 Double-Bit Axe
12:29 Horse Collar
15:01 Husbandry
19:40 Heavy Plow
21:49 Bow Saw
22:19 Gold Mining
23:20 Bloodlines
24:17 Wheelbarrow
24:13 Loom
24:54 Scale Mail Armor
25:00 Scale Barding Armor
25:06 Forging
24:45 Pikeman
25:46 Town Watch
26:46 Marauders
27:11 Town Patrol
27:46 Hand Cart
28:46 Gold Shaft Mining
29:44 Chain Barding Armor
33:50 Imperial Age
31:17 Light Cavalry
33:21 Iron Casting
33:02 Chain Mail Armor
33:41 Squires
33:27 Arson
35:23 Elite Tarkan
Titoxhn
2:13 Loom
7:10 Feudal Age
8:35 Wheelbarrow
7:48 Double-Bit Axe
8:28 Horse Collar
19:03 Castle Age
19:15 Capped Ram
22:07 Forging
23:57 Iron Casting
23:29 Scale Barding Armor
24:51 Bloodlines
25:07 Bow Saw
28:54 Chain Barding Armor
28:51 Padded Archer Armor
28:51 Scale Mail Armor
35:55 Imperial Age
VZ | Thyrfing
8:04 Feudal Age
8:29 Loom
12:56 Castle Age
12:08 Double-Bit Axe
Cuervo
7:43 Feudal Age
12:08 Castle Age
10:32 Double-Bit Axe
12:32 Loom
18:26 Scale Mail Armor
18:41 Crossbowman
20:53 Wheelbarrow
22:38 Gold Mining
23:04 Bow Saw
24:06 Forging
24:11 Chain Mail Armor
31:02 Imperial Age
31:12 Elite Fire Lancer
33:52 Chemistry
Zamba
8:31 Feudal Age
10:07 Loom
13:12 Castle Age
12:29 Horse Collar
12:36 Double-Bit Axe
19:00 Heavy Plow
20:53 Wheelbarrow
25:26 Bow Saw
25:40 Hand Cart
31:03 Imperial Age
31:09 Town Watch
31:42 Fortified Wall
31:44 Masonry
32:07 Artillery
35:45 Conscription
Connection lost

Rejoining the realm…

Still unreachable

The connection could not be restored.

Session expired

The server has moved on; the page needs a fresh start.